 Dungeon Crawl Stone Soup version 0.30-a0-557-ge2afbf3030 (webtiles) character file.

Game seed: 7661764767736849727

50 HoaS the Shooter (level 3, 0/21 HPs)
             Began as a Tengu Hunter on Dec 27, 2022.
             Succumbed to a kobold's poison
             ... on level 2 of the Dungeon.
             The game lasted 00:02:16 (907 turns).

HoaS the Shooter (Tengu Hunter)                      Turns: 907, Time: 00:02:17

Health: 0/21       AC:  4    Str: 11    XL:     3   Next: 79%
Magic:  4/4        EV: 12    Int:  9    God:
Gold:   46         SH:  0    Dex: 19    Spells: 2/2 levels left

rFire   . . .      SeeInvis +    a - +0 shortbow
rCold   . . .      Faith    .    (shield currently unavailable)
rNeg    . . .      Spirit   .    c - +0 leather armour
rPois   .          Reflect  .    (helmet restricted)
rElec   .          Harm     .    (no cloak)
rCorr   .          Rampage  .    e - +0 pair of gloves
Will    .....                    (boots unavailable)
Stlth   ++                       (no amulet)
HPRegen 0.23/turn                g - ring of flight
MPRegen 0.09/turn                j - ring of see invisible

@: lethally poisoned (0 -> -9), flying
A: beak, talons 3
a: no special abilities


You were on level 2 of the Dungeon.
You visited 1 branch of the dungeon, and saw 2 of its levels.

You collected 46 gold pieces.

Inventory:

Hand Weapons
 a - a +0 shortbow (weapon)
Armour
 c - a +0 leather armour (worn)
 e - a +0 pair of gloves (worn)
Jewellery
 g - a ring of flight (left hand)
 j - a ring of see invisible (right hand)
Wands
 k - a wand of acid (5)
Scrolls
 b - a scroll of immolation
 h - a scroll of identify {unknown}
Potions
 d - a potion of flight {unknown}
 f - a potion of might {unknown}
 i - a potion of resistance {unknown}


   Skills:
 - Level 2.0 Fighting
 + Level 5.9 Ranged Weapons
 - Level 2.1 Dodging
 - Level 1.0 Stealth


You had 2 spell levels left.
You didn't know any spells.
Your spell library contained the following spells:

 Spells                   Type           Power      Damage    Failure   Level
 Summon Guardian Golem    Hex/Summ       0%         N/A       85%         3
 Orb of Destruction       Conj           0%         9d5       100%        7
 Spellforged Servitor     Conj/Summ      0%         N/A       100%        7


Dungeon Overview and Level Annotations

Branches:
Dungeon (2/15)

Altars:

Shops:
D:2 [


Innate Abilities, Weirdness & Mutations

You have a beak for a mouth.
You have claws for feet.


Message History

The adder misses you.
You shoot an arrow.
The arrow hits the adder but does no damage.
The adder is moderately wounded.
The adder bites you but does no damage.
You shoot an arrow. The arrow closely misses the adder.
The adder bites you.
A ball python comes into view.
The adder bites you but does no damage.
You shoot an arrow. The arrow closely misses the adder.
The ball python hisses angrily.
The adder closely misses you.
A kobold comes into view. It is wielding a +0 dagger.
The adder bites you but does no damage.
You shoot an arrow. The arrow closely misses the adder.
The kobold shouts!
The arrow hits the ball python.
The ball python is severely wounded.
The adder barely misses you. The kobold attacks as you move away!
The kobold barely misses you. The adder bites you.
The adder attacks as you move away! The adder bites you.
The adder closely misses you.
The kobold throws a poisoned dart.
The poisoned dart hits you.
You are poisoned.
You see here a frilled lizard corpse.
The adder attacks as you move away! The adder bites you.
You feel sick. The adder bites you but does no damage.
You feel sick.
You feel sick.
The kobold throws a poisoned dart.
The poisoned dart hits you!
You are lethally poisoned!
The adder attacks as you move away! The adder bites you.
You feel very sick. The adder bites you.
* * * LOW HITPOINT WARNING * * *
You are too injured to fight recklessly!
You are too injured to fight recklessly!
You are too injured to fight recklessly!
You shoot an arrow. The arrow hits the adder.
The adder is severely wounded.
You die...

#.###....# ####..... ..
##...#.#.)#####∩....... #.#
####.....†................
##..
......##..#.###..#########
....####...##..†.###.##
............#..##..#
#.###...#......#.########
##......†..###............
#.##.....K.K.SS@.............
#....###....###......########
...#..# #....# ###....#
....#..##....# ##....##
.............# #.).#..#
.....##......# #.#.#..####
..... ###..#..###.#.......##
....# #...#.#...##.##....####
.... #......###.####.....##


You could see an adder, a ball python and 2 kobolds.

Vanquished Creatures
  3 dart slugs (D:1)
  6 bats
  An endoplasm (D:2)
  3 giant cockroaches (D:1)
  7 hobgoblins
  3 kobolds
  A quokka (D:1)
  4 ball pythons
  4 frilled lizards
  4 goblins
  4 rats (D:1)
40 creatures vanquished.

Notes
Turn   | Place    | Note
-------+----------+-------------------------------------------
     0 | D:1      | HoaS the Tengu Hunter began the quest for the Orb.
     0 | D:1      | Reached XP level 1. HP: 12/12 MP: 2/2
   196 | D:1      | Reached XP level 2. HP: 17/17 MP: 3/3
   215 | D:1      | Reached skill level 5 in Ranged Weapons
   417 | D:1      | Reached XP level 3. HP: 21/21 MP: 4/4
   842 | D:2      | Found Avamimack's Antique Armour Boutique.
   907 | D:2      | Succumbed to a kobold's poison

Illustrated notes

Levels and vault maps discovered:
D:1:      evilmike_arrival_hilbert_curve, layout_rooms
D:2:      layout_rooms, serial_shops, shop, minmay_tetromino_i4

Skill      XL: |  1  2 |
---------------+-------+-----
Ranged Weapons | 5 |  5.9
Fighting       | |  2.0
Dodging        | |  2.1
Stealth        | |  1.0

Action                   || total
-------------------------++-------
 Fire: Shortbow          ||   110
  Use: Scroll            ||     2
Armor: Leather armour    ||    13
Dodge: Dodged            ||    27

Table legend: (Time is in decaauts)
 A = Elapsed time spent in this place.
 B = Non-inter-level travel time spent in this place.
 C = Inter-level travel time spent in this place.
 D = Time resting spent in this place.
 E = Time spent auto-exploring this place.
 F = Levels seen in this place.
 G = Mean time per level.
                   A        B        C        D        E       F      G
               +--------+--------+--------+--------+--------+-----+--------+
         Total |    937 |    904 |     33 |     63 |    602 |   2 |  468.5 |
       Dungeon |    937 |    904 |     33 |     63 |    602 |   2 |  468.5 |
               +--------+--------+--------+--------+--------+-----+--------+

Top non-repeatable levels by time:
     D:1: 717 daAuts
     D:2: 219 daAuts
